Map: Incorporeal LE

Players

Buster

  • Race: Protoss Protoss
  • League: Diamond
  • Spawn Location: 11:00

LigerMaNN - Winner!

  • Race: Zerg Zerg
  • League: Diamond
  • Spawn Location: 5:00

VOD

Have the link to the VOD?

Description

Time

  • Played on: July 2, 2025, 12:14 a.m.
  • Length: 15:35
Show
View Real Time Build Order
Export as new Build Order

Buster Protoss 

Build Orders:  

Get SALT Encoding   

  12  0:05  Probe  
  13  0:18  Probe  
  14  0:25  Pylon  
  14  0:30  Probe  
  15  0:37  Pylon  
  15  0:59  Pylon  
  15  1:02  Gateway  
  15  1:11  Forge  
  15  1:18  Probe  
  16  1:30  Probe  
  17  1:32  Pylon  
  17  1:42  Probe  
  18  1:51  Photon Cannon  
  18  1:52  Zealot  
  20  1:54  Probe  
  20  1:59  Photon Cannon  
  21  2:06  Probe  
  22  2:14  Photon Cannon  
  22  2:18  Probe  
  23  2:42  Nexus  
  23  2:50  Assimilator  
  23  2:51  Assimilator  
  23  2:58  Pylon  
  23  3:02  Pylon  
  23  3:06  Probe  
  24  3:18  Probe  
  25  3:21  Pylon  
  25  3:30  Probe  
  26  3:36  Cybernetics Core  
  26  3:43  Photon Cannon  
  26  3:49  Photon Cannon  
  26  3:52  Probe  
  26  3:55  Probe  
  28  4:05  Probe  
  28  4:07  Probe  
  30  4:13  Assimilator  
  30  4:17  Probe  
  31  4:19  Probe  
  31  4:24  Stargate  
  32  4:30  Probe  
  33  4:31  Probe  
  33  4:38  Shield Battery  
  34  4:40  Shield Battery  
  34  4:49  Pylon  
  34  4:50  Pylon  
  34  4:52  Pylon  
  23  5:00  Void Ray  
  22  5:13  Shield Battery  
  8  5:54  Probe x2  
  10  6:18  Probe  
  11  6:22  Probe  
  12  6:30  Probe  
  13  6:44  Probe x2  
  15  6:56  Probe  
  16  7:17  Probe x2  
  18  7:35  Probe x2  
  20  7:43  Void Ray  
  24  7:46  Pylon  
  24  7:47  Probe  
  24  7:48  Probe  
  26  8:00  Probe x2  
  28  8:17  Probe x2, Void Ray  
  34  8:29  Probe x2  
  36  8:42  Photon Cannon x2  
  36  8:46  Shield Battery  
  36  8:49  Shield Battery  
  36  8:51  Probe  
  36  8:52  Probe  
  38  9:04  Probe x2  
  40  9:16  Probe x2  
  42  9:23  Pylon  
  42  9:28  Probe  
  39  9:40  Probe  
  40  9:46  Void Ray  
  40  9:47  Probe  
  40  9:52  Probe  
  39  10:00  Probe  
  39  10:02  Shield Battery  
  39  10:04  Probe  
  40  10:09  Shield Battery  
  40  10:11  Pylon  
  40  10:12  Probe  
  40  10:14  Pylon  
  41  10:16  Probe  
  42  10:21  Photon Cannon  
  42  10:22  Stargate  
  42  10:25  Stargate  
  42  10:27  Photon Cannon  
  42  10:28  Phoenix  
  38  10:51  Phoenix  
  37  11:00  Phoenix  
  37  11:04  Phoenix  
  34  11:07  Photon Cannon  
  34  11:08  Photon Cannon  
  34  11:10  Photon Cannon  
  20  11:31  Assimilator  
  20  11:59  Probe x2  
  22  12:06  Phoenix  
  24  12:10  Phoenix  
  24  12:11  Probe x2  
  28  12:23  Pylon, Probe  
  28  12:24  Probe  
  30  12:31  Phoenix  
  30  12:35  Probe  
  30  12:36  Probe  
  34  12:46  Shield Battery  
  34  12:48  Probe x2  
  36  12:59  Probe x2  
  38  13:07  Probe x2  
  40  13:15  Probe x2  
  42  13:21  Phoenix  
  42  13:23  Probe  
  42  13:26  Probe  
  44  13:31  Probe  
  46  13:35  Phoenix  
  46  13:38  Probe  
  46  13:40  Probe  
  50  13:46  Void Ray  
  51  13:53  Probe  
  50  14:27  Photon Cannon  
  14  15:01  Pylon  
  14  15:04  Probe  
  15  15:17  Probe  
Show
View Real Time Build Order
Export as new Build Order

LigerMaNN Zerg - Winner!

Build Orders: Pool First, Ravager All-In 

Get SALT Encoding   

  12  0:01  Drone  
  13  0:12  Overlord  
  13  0:16  Drone  
  14  0:31  Drone x2  
  16  0:50  Drone  
  17  1:07  Spawning Pool  
  17  1:08  Extractor  
  17  1:09  Drone  
  16  1:11  Hatchery  
  16  1:14  Drone  
  16  1:17  Drone  
  17  1:34  Drone x2  
  19  1:42  Overlord  
  19  1:52  Overlord  
  20  2:12  Roach Warren  
  20  2:13  Drone  
  20  2:14  Extractor  
  20  2:15  Drone  
  20  2:23  Queen  
  22  2:31  Drone  
  22  2:36  Drone  
  24  3:00  Roach x2  
  28  3:08  Roach  
  30  3:18  Roach  
  32  3:21  Ravager x2  
  34  3:32  Roach x2  
  38  3:38  Overlord x2  
  38  3:57  Ravager x4  
  42  4:03  Drone x3  
  42  4:04  Hatchery  
  42  4:06  Spore Crawler  
  42  4:07  Spore Crawler  
  42  4:09  Spore Crawler  
  41  4:24  Drone  
  42  4:25  Roach x2  
  42  4:29  Metabolic Boost  
  43  5:30  Ravager  
  43  5:31  Ravager  
  42  5:37  Drone  
  42  5:38  Drone x3  
  42  5:42  Drone x4  
  47  5:53  Drone  
  47  5:56  Spore Crawler  
  41  5:59  Spore Crawler x2  
  36  6:06  Queen  
  36  6:07  Queen  
  36  6:08  Drone  
  36  6:09  Drone x2  
  43  6:24  Drone x3  
  46  6:44  Drone x6  
  49  6:48  Lair  
  49  6:50  Queen  
  50  7:14  Drone x3  
  52  7:27  Drone  
  52  7:37  Hatchery  
  52  7:39  Drone, Overlord  
  52  7:40  Overlord x7, Hatchery  
  51  7:48  Spire  
  50  7:54  Overseer  
  50  7:59  Drone x2  
  52  8:07  Drone  
  52  8:08  Drone x3, Extractor  
  52  8:10  Extractor  
  54  8:49  Drone x4  
  54  8:50  Drone x6  
  64  8:56  Drone  
  65  9:04  Drone  
  65  9:05  Drone x5  
  65  9:08  Spore Crawler  
  70  9:10  Spore Crawler  
  70  9:11  Spore Crawler  
  70  9:12  Drone  
  70  9:14  Spore Crawler  
  68  9:17  Zerg Flyer Weapons Level 1  
  68  9:22  Mutalisk x6  
  80  9:29  Evolution Chamber x2  
  78  9:33  Mutalisk x7  
  88  9:45  Queen  
  88  9:49  Queen  
  88  9:50  Queen  
  92  9:55  Extractor  
  92  9:56  Extractor  
  92  9:57  Drone x3  
  92  9:59  Drone x3  
  96  10:00  Drone x2  
  96  10:01  Drone  
  96  10:04  Mutalisk x3  
  96  10:06  Zergling x2  
  96  10:07  Zergling x8  
  110  10:14  Overseer  
  110  10:21  Pneumatized Carapace  
  110  10:23  Zergling x14  
  110  10:27  Baneling Nest  
  116  10:28  Zerg Melee Weapons Level 1  
  116  10:33  Zerg Ground Armor Level 1  
  116  10:38  Drone  
  109  11:08  Zergling x16  
  109  11:09  Zergling x10  
  120  11:17  Centrifugal Hooks  
  120  11:18  Zerg Flyer Weapons Level 2  
  107  11:56  Corruptor  
  107  11:57  Corruptor x2  
  111  12:02  Baneling  
  111  12:03  Baneling x28  
  111  12:04  Baneling x7  
  111  12:15  Zergling x2  
  112  12:17  Overlord x6  
  112  12:18  Overlord x4  
  112  12:38  Zergling x40  
  112  12:41  Baneling x10  
  112  12:43  Zerg Melee Weapons Level 2, Zerg Ground Armor Level 2  
  132  12:50  Infestation Pit  
  131  13:00  Corruptor x2  
  135  13:07  Zergling x30  
  135  13:10  Corruptor  
  135  13:11  Corruptor  
  154  13:16  Hatchery  
  153  13:38  Corruptor x4  
  161  13:43  Zergling x18  
  161  13:45  Overlord  
  161  13:46  Hatchery  
  169  13:54  Zergling x12  
  169  13:55  Zergling x2  
  176  13:56  Baneling  
  176  13:57  Baneling x3  
  176  13:58  Baneling  
  176  13:59  Baneling x2  
  176  14:00  Baneling x2  
  176  14:01  Baneling  
  165  14:23  Zergling x10  
  165  14:24  Zergling x20  
  135  14:58  Zergling x34  
  146  15:11  Drone x5  
Tags
 
Matchup
PvZ
Opening
Pool First
Replay Pack
June 2025
Spawn Locations
Cross Positions
Add a new tag
Caveats
  • Supply blocks, unpowered buildings, or Contaminate may cause inaccurate times.
  • Supply counts are checked every 10 seconds.